Map: Frozen Temple

Players

Fropez

  • Race: Protoss Protoss
  • League: Silver
  • Spawn Location: 5:00

churchillwin - Winner!

  • Race: Protoss Protoss
  • League: Silver
  • Spawn Location: 11:00

VOD

Have the link to the VOD?

Description

Time

  • Played on: April 18, 2016, 4:23 p.m.
  • Length: 16:15
Show
View Real Time Build Order
Export as new Build Order

Fropez Protoss 

Build Orders:  

Get SALT Encoding   

  12  0:02  Probe (Chrono Boost)  
  13  0:22  Pylon  
  13  0:32  Pylon  
  13  0:41  Gateway  
  13  0:46  Probe (Chrono Boost)  
  14  0:56  Assimilator  
  14  0:57  Probe (Chrono Boost)  
  15  1:07  Probe (Chrono Boost)  
  16  1:11  Pylon  
  16  1:18  Probe (Chrono Boost)  
  17  1:28  Probe (Chrono Boost)  
  17  1:32  Cybernetics Core  
  18  1:39  Probe (Chrono Boost), Zealot  
  21  1:50  Probe (Chrono Boost), Assimilator  
  22  2:00  Probe (Chrono Boost)  
  23  2:14  Mothership Core (Chrono Boost)  
  25  2:16  Warp Gate (Chrono Boost)  
  25  2:24  Stalker  
  27  2:32  Probe (Chrono Boost)  
  28  2:42  Probe (Chrono Boost)  
  28  2:43  Pylon  
  29  2:46  Gateway  
  29  3:02  Probe (Chrono Boost)  
  30  3:09  Twilight Council  
  31  3:12  Probe  
  31  3:17  Pylon  
  31  3:24  Probe  
  31  3:35  Stalker  
  31  3:37  Probe, Stalker  
  36  3:43  Pylon  
  36  3:49  Probe  
  37  4:01  Blink (Chrono Boost)  
  37  4:09  Probe  
  38  4:18  Forge, Gateway  
  38  4:21  Probe  
  39  4:33  Probe  
  39  4:35  Stalker x2  
  44  4:46  Pylon, Probe  
  44  4:49  Pylon  
  45  4:57  Protoss Ground Weapons Level 1  
  45  4:58  Probe  
  46  5:05  Stalker  
  48  5:09  Stalker  
  48  5:10  Probe  
  51  5:17  Stalker  
  53  5:30  Stalker  
  53  5:33  Stalker  
  57  5:37  Probe  
  58  6:21  Probe  
  58  6:23  Robotics Facility  
  58  6:24  Nexus  
  59  6:33  Probe  
  59  6:34  Stalker  
  59  6:37  Stalker  
  64  6:40  Pylon  
  64  6:45  Stalker  
  66  6:47  Pylon  
  66  6:55  Pylon  
  66  6:58  Probe  
  67  7:10  Probe  
  68  7:22  Probe  
  69  7:34  Probe, Protoss Ground Weapons Level 2  
  69  7:36  Assimilator  
  69  7:38  Pylon  
  69  7:39  Assimilator  
  69  7:40  Observer  
  69  7:41  Pylon  
  70  7:45  Stalker x2  
  74  8:01  Gateway  
  74  8:02  Observer  
  75  8:16  Pylon  
  75  8:20  Probe  
  75  8:21  Probe  
  77  8:30  Stalker x3  
  82  8:57  Observer (Chrono Boost)  
  83  9:05  Sentry x3  
  89  9:16  Observer (Chrono Boost)  
  90  9:21  Pylon  
  90  9:22  Photon Cannon  
  90  9:27  Probe  
  91  9:34  Observer (Chrono Boost)  
  92  9:41  Probe  
  93  9:47  Assimilator  
  93  9:50  Nexus  
  93  9:51  Protoss Ground Weapons Level 3 (Chrono Boost), Probe  
  93  9:52  Assimilator  
  95  9:53  Observer (Chrono Boost)  
  95  9:56  Pylon  
  95  9:58  Pylon  
  95  10:00  Pylon  
  95  10:03  Forge  
  95  10:06  Dark Shrine  
  95  10:07  Pylon, Probe  
  95  10:08  Probe  
  98  10:14  Observer  
  98  10:20  Probe  
  63  10:57  Gateway  
  63  11:03  Stalker x4  
  71  11:22  Probe  
  71  11:23  Probe x2  
  74  11:33  Dark Templar x4  
  74  11:37  Probe  
  74  11:39  Probe  
  85  11:43  Gateway  
  85  11:44  Gateway  
  85  11:47  Gateway  
  85  11:57  Observer  
  85  12:07  Protoss Ground Armor Level 1 (Chrono Boost)  
  85  12:09  Dark Templar x4  
  93  12:19  Immortal  
  70  12:57  Dark Templar x5  
  70  12:58  Immortal  
  65  13:18  Dark Templar x2  
  69  13:30  Nexus  
  69  13:31  Pylon  
  69  13:32  Assimilator  
  69  13:35  Assimilator  
  69  13:40  Pylon, Probe x3  
  68  13:42  Pylon  
  66  14:22  Probe x2  
  66  14:23  Probe  
  69  14:32  Zealot x2  
  69  14:33  Zealot x6  
  85  14:39  Pylon  
  85  14:40  Pylon  
  85  14:42  Charge (Chrono Boost)  
  81  15:06  Dark Templar  
  81  15:07  Dark Templar x3  
  73  15:12  Stalker  
  73  15:14  Probe x2  
  79  15:16  Probe  
  61  15:38  Dark Templar x3  
  50  16:00  Zealot x5  
Show
View Real Time Build Order
Export as new Build Order

churchillwin Protoss - Winner!

Build Orders: Colossus Rush 

Get SALT Encoding   

  12  0:01  Probe (Chrono Boost)  
  13  0:11  Probe (Chrono Boost)  
  14  0:21  Pylon  
  14  0:22  Probe (Chrono Boost)  
  15  0:41  Gateway  
  15  0:43  Probe (Chrono Boost)  
  15  0:47  Assimilator  
  16  0:54  Probe (Chrono Boost)  
  17  1:04  Probe (Chrono Boost)  
  18  1:15  Probe (Chrono Boost)  
  18  1:16  Gateway  
  19  1:25  Probe (Chrono Boost)  
  20  1:33  Zealot  
  22  1:41  Cybernetics Core  
  22  1:45  Assimilator  
  22  1:46  Probe (Chrono Boost)  
  23  1:58  Pylon  
  23  2:14  Nexus  
  23  2:19  Warp Gate (Chrono Boost)  
  23  2:28  Probe  
  23  2:29  Adept  
  28  2:30  Adept  
  28  2:40  Probe  
  29  2:50  Forge  
  27  2:58  Robotics Facility  
  27  3:13  Stalker  
  29  3:35  Probe  
  29  3:36  Probe  
  31  3:45  Probe  
  32  3:48  Probe  
  33  4:11  Probe  
  33  4:13  Pylon  
  34  4:20  Photon Cannon  
  34  4:22  Probe  
  35  4:26  Assimilator  
  35  4:28  Assimilator  
  35  4:32  Probe  
  35  4:37  Robotics Bay  
  36  4:45  Pylon  
  36  4:49  Pylon  
  36  4:50  Protoss Ground Weapons Level 1  
  36  4:52  Twilight Council  
  36  4:54  Photon Cannon  
  36  5:00  Photon Cannon  
  36  5:05  Observer, Pylon  
  37  5:09  Probe  
  37  5:11  Probe  
  39  5:20  Probe  
  39  5:23  Probe  
  39  5:24  Stalker  
  39  5:25  Stalker  
  45  5:37  Colossus  
  51  5:49  Stalker  
  53  5:50  Stalker  
  53  5:55  Pylon  
  55  6:05  Photon Cannon  
  55  6:06  Photon Cannon  
  55  6:14  Photon Cannon  
  55  6:16  Photon Cannon  
  55  6:20  Stalker  
  57  6:37  Extended Thermal Lance  
  57  6:39  Colossus  
  63  6:47  Blink  
  63  6:48  Probe  
  64  7:04  Pylon  
  64  7:09  Photon Cannon  
  64  7:20  Stalker x2  
  64  7:22  Probe  
  68  7:23  Probe  
  70  7:32  Probe  
  70  7:35  Probe  
  72  7:43  Observer  
  73  7:47  Probe  
  74  7:59  Probe  
  74  8:03  Protoss Ground Armor Level 1  
  75  8:10  Stalker x2  
  79  8:13  Colossus  
  85  8:47  Stalker x2  
  89  9:08  Gateway  
  89  9:09  Gateway  
  88  9:13  Gateway  
  88  9:16  Gateway x2  
  88  9:17  Observer  
  89  9:27  Stalker x2  
  93  9:38  Pylon  
  93  9:40  Pylon  
  93  9:42  Pylon  
  93  9:45  Pylon  
  93  10:02  Pylon  
  93  10:10  Photon Cannon  
  93  10:11  Photon Cannon  
  83  11:15  Nexus  
  83  11:37  Pylon  
  83  11:55  Stalker  
  83  11:56  Stalker x6  
  79  13:14  Observer  
  80  13:25  Pylon  
  80  13:28  Pylon  
  80  13:29  Photon Cannon  
  80  13:32  Photon Cannon  
  80  13:34  Photon Cannon  
  80  13:36  Observer  
  81  13:52  Probe, Photon Cannon  
  81  13:55  Photon Cannon  
  82  13:57  Pylon, Photon Cannon  
  82  14:02  Probe  
  82  14:04  Assimilator  
  82  14:07  Assimilator  
  83  14:13  Probe  
  76  14:23  Probe  
  74  14:28  Stalker x6  
  74  14:29  Stalker  
  89  14:36  Pylon  
  89  14:41  Photon Cannon  
  89  14:44  Photon Cannon  
  89  14:50  Photon Cannon  
  89  14:52  Photon Cannon  
  89  14:54  Photon Cannon  
  89  15:12  Stalker x3  
  89  15:13  Stalker x3  
  101  15:34  Nexus  
  77  15:56  Stalker x2  
  77  15:57  Stalker x2  
  83  15:58  Stalker x2  
Tags
 
Matchup
PvP
Replay Pack
All Mines
Spawn Locations
Cross Positions
Add a new tag
Caveats
  • Supply blocks, unpowered buildings, or Contaminate may cause inaccurate times.
  • Supply counts are checked every 10 seconds.